 Dungeon Crawl Stone Soup version 0.31.0-9-g3a7656b989 (webtiles) character file.

Game seed: 11727902831051833973

72055 P0WERM0DE the Martial Artist (level 15, -4/95 HPs)
             Began as a Green Draconian Alchemist on Feb 2, 2024.
             Was an Elder of Cheibriados.
             Slain by Agnes the spriggan simulacrum (26 damage)
             ... on level 1 of the Spider Nest on Feb 3, 2024.
             The game lasted 00:48:25 (7141 turns).

P0WERM0DE the Martial Artist (DrAl)                 Turns: 7141, Time: 00:48:26

Health: -4/95      AC: 22    Str: 21    XL:     15   Next: 0%
Magic:  15/36      EV: 16    Int: 38    God:    Cheibriados [****..]
Gold:   687        SH:  0    Dex: 27    Spells: 5/30 levels left

rFire   . .          .
                       - Unarmed
rCold   . . .        (no shield)
rNeg    + . .        (body armour unavailable)
rPois   ∞            (helmet restricted)
rElec   +            L - +1 cloak {rPois}
rCorr   .            k - melded +0 pair of gloves
SInv    .            V - melded +1 pair of boots "Mym Zall" {Int+3}
Will    +....        W - amulet of regeneration
Stlth   +++          m - ring "Roro" {^Drain rPois Int+5 Dex+6}
HPRegen 1.15/turn    I - ring of magical power
MPRegen 0.25/turn

%: no passive effects
@: statue-form, slowed, very slow
A: slow and powerful, torment resistance 1, reduced hp, (breathe noxious fumes),
AC +9, unfitting armour, stinger 1, poison resistance, cold-blooded, robust 1
a: Begin Untransformation, Renounce Religion, Bend Time, Temporal Distortion,
Slouch


You were on level 1 of the Spider Nest.
You worshipped Cheibriados.
Cheibriados was greatly pleased with you.
You were a living statue of rough stone.
You visited 4 branches of the dungeon, and saw 21 of its levels.
You also visited: Bailey and Volcano.

You collected 2115 gold pieces.
You spent 1428 gold pieces at shops.

Inventory:

Hand Weapons
 o - a +2 demon trident of venom
   (You took it off Urug on level 10 of the Dungeon)
 D - the +9 flail "Osezaxti" {elec, rF+ rN+ Dex-3}
   (You found it on level 9 of the Dungeon)

   Dex-3:     It affects your dexterity (-3).
   rF+:       It protects you from fire.
   rN+:       It protects you from negative energy.
 N - a +2 halberd of electrocution
   (You took it off a gnoll in a bailey)
Missiles
 u - 2 boomerangs
 A - a curare-tipped dart
 B - 20 poisoned darts
 K - 7 javelins
Armour
 b - a scarf of repulsion
   (You found it on level 2 of the Dungeon)
 k - a +0 pair of gloves (melded)
   (You found it on level 5 of the Dungeon)
 p - the +5 ring mail "Xabolij" {+Blink}
   (You found it on level 7 of the Dungeon)

   +Blink:    It lets you blink.
 q - the +2 robe of the Fisher {Rampage Dex-2 Archmagi}
   (You found it on level 4 of the Lair of Beasts)

   Dex-2:     It affects your dexterity (-2).
   Rampage:   It bestows one free step when moving towards enemies.
   Archmagi:  It increases the power of your magical spells.
   Cheibriados disapproves of the use of such an item.
 E - a +0 tower shield
   (You found it on level 9 of the Dungeon)
 L - a +1 cloak of poison resistance (worn)
   (You found it on level 10 of the Dungeon)
 O - a +0 cloak
   (You took it off a red draconian in a volcano)
 V - the +1 pair of boots "Mym Zall" (melded) {Int+3}
   (You found it on level 3 of the Lair of Beasts)

   Int+3:     It affects your intelligence (+3).
Magical Staves
 l - a staff of death
   (You found it on level 4 of the Dungeon)
 J - a staff of cold
   (You took it off Fannar on level 10 of the Dungeon)
Jewellery
 i - a ring of see invisible
   (You found it on level 12 of the Dungeon)
 j - a +4 ring of slaying
   (You found it on level 9 of the Dungeon)
 m - the ring "Roro" (left fist) {^Drain rPois Int+5 Dex+6}
   (You found it on level 4 of the Dungeon)

   [ring of dexterity]

   Int+5:     It affects your intelligence (+5).
   Dex+6:     It affects your dexterity (+6).
   rPois:     It protects you from poison ^Drain: It drains your maximum health
   when unequipped.
 y - a +6 ring of intelligence
   (You found it on level 8 of the Dungeon)
 I - a ring of magical power (right fist)
   (You found it on level 5 of the Dungeon)
 W - an amulet of regeneration (around neck)
   (You bought it in a shop on level 9 of the Dungeon)
Talismans
 e - a beast talisman
   (You found it on level 2 of the Dungeon)
 F - a talisman of death
   (You found it on level 5 of the Dungeon)
 Q - a granite talisman (active)
   (You bought it in a shop on level 1 of the Orcish Mines)
 U - a serpent talisman
   (You found it on level 1 of the Lair of Beasts)
 Y - a blade talisman
   (You found it on level 3 of the Lair of Beasts)
Wands
 f - a wand of paralysis (3)
   (You found it on level 5 of the Lair of Beasts)
 s - a wand of iceblast (2)
   (You found it on level 5 of the Lair of Beasts)
 v - a wand of digging (4)
   (You found it on level 4 of the Lair of Beasts)
 G - a wand of polymorph (2)
   (You found it on level 9 of the Dungeon)
Scrolls
 t - 2 scrolls of teleportation
 x - 3 scrolls of enchant armour
 M - a scroll of vulnerability
 X - 2 scrolls of fog
 Z - a scroll of amnesia
Potions
 a - 3 potions of magic
 c - 3 potions of mutation
 d - 4 potions of might
 g - a potion of lignification
 h - 7 potions of haste
 n - 3 potions of resistance
 w - 2 potions of heal wounds
 C - a potion of attraction
 H - 2 potions of brilliance
 P - a potion of enlightenment
 T - a potion of cancellation


   Skills:
 - Level 12.1 Fighting
 - Level 4.0 Maces & Flails
 - Level 5.1 Dodging
 - Level 2.0 Stealth
 * Level 13.5 Unarmed Combat
 - Level 8.0 Spellcasting
 - Level 4.0 Conjurations
 * Level 1.8 Hexes
 * Level 2.0 Summonings
 - Level 4.0 Translocations
 - Level 10.0 Alchemy
 - Level 6.7 Invocations
 - Level 6.1 Evocations
 * Level 11.0 Shapeshifting


You had 5 spell levels left.
You knew the following spells:

 Your Spells              Type           Power      Damage    Failure   Level
a - Apportation           Tloc           90%        N/A       1%          1
c - Lesser Beckoning      Tloc           90%        N/A       1%          2
d - Olgreb's Toxic Radia  Alch           74%        N/A       1%          4
k - Dazzling Flash        Conj/Hex       74%        N/A       2%          3
m - Sublimation of Blood  Necr           15%        N/A       3%          2
o - Cause Fear            Hex            14%        N/A       12%         4
q - Sting                 Conj/Alch      100%       1d9       1%          1
r - Summon Mana Viper     Hex/Summ       29%        N/A       30%         5
v - Mephitic Cloud        Conj/Alch/Air  50%        N/A       1%          3

Your spell library contained the following spells:

 Spells                   Type           Power      Damage    Failure   Level
 Kiss of Death            Conj/Necr      100%       2d13      1%          1
 Shock                    Conj/Air       100%       1d9       1%          1
 Summon Small Mammal      Summ           100%       N/A       1%          1
 Call Imp                 Summ           62%        N/A       1%          2
 Mercury Vapours          Alch/Air       100%       N/A       1%          2
 Gell's Gravitas          Tloc           45%        N/A       1%          3
 Teleport Other           Tloc           45%        N/A       1%          3
 Necrotise                Necr           60%        1d7       2%          1
 Confusing Touch          Hex            28%        N/A       3%          3
 Volatile Blastmotes      Fire/Tloc      60%        2d15      3%          3
 Sticky Flame             Fire/Alch      52%        2d9       3%          4
 Summon Ice Beast         Ice/Summ       23%        N/A       4%          3
 Swiftness                Air            15%        N/A       8%          3
 Airstrike                Air            7%         2d(2-18)  24%         4
 Dispel Undead            Necr           15%        3d10      24%         4
 Fireball                 Conj/Fire      15%        3d8       30%         5
 Freezing Cloud           Conj/Ice/Air   12%        6-21      38%         5
 Starburst                Conj/Fire      15%        6d6       86%         6
 Monstrous Menagerie      Summ           15%        N/A       100%        7
 Summon Hydra             Summ           15%        N/A       100%        7
 Maxwell's Capacitive Co  Air            7%         ∞         100%        8
 Dragon's Call            Summ           15%        N/A       100%        9


Dungeon Overview and Level Annotations

Branches:
Dungeon (13/15)              Lair (5/5) D:11          Swamp (0/4) Lair:2
 Spider (1/4) Lair:3        Slime (0/5) Lair:4          Orc (2/2) D:10
    Elf (0/3) Orc:2        Bailey (visited)         Volcano (visited)
 Temple: D:4-7       Vaults: D:13-14

Altars:
Cheibriados
Dithmenos
Sif Muna
Trog
Zin

Shops:
D:9 *:   Orc:1 =   Orc:2 ([[*([(

Annotations:
D:7 1 runed translucent door, Tizio's ghost, novice MiFi
D:11 exclusion: downstairs
D:12 exclusion: orange crystal statue, Frances
Lair:4 exclusion: oklob plant
Spider:1 2 transporters, Tyszek's ghost, journeyman MiMo


Innate Abilities, Weirdness & Mutations

You are a living statue of rough stone.
Your actions are slow, but your melee attacks are powerful.
You are resistant to unholy torment.
Your maximum health is decreased, since you lack skill for your form.
Your equipment is partially melded.
((You can breathe blasts of noxious fumes.))
((Your lurid green scales are hard. (AC +9)))
You cannot fit into any form of body armour.
You are immune to poison.
Your tail ends in a venomous barb.
Your system is resistant to poisons. (rPois)
You are cold-blooded and may be slowed by cold attacks.
You are robust. (+10% HP)


Message History

The orb spider appears confused.
Activating: Slouch (11% risk of failure)
Press: ? - help, Dir - look around, f - activate You can feel time thicken for a moment.
You kill the wolf spider!
Cheibriados appreciates the change of pace.
You kill the orb spider!
Cheibriados thoroughly appreciates the change of pace.
You destroy the pharaoh ant!
Cheibriados appreciates the change of pace.
The pharaoh ant binds the souls of nearby monsters.
Agnes looks as sick as possible!
Your toxic aura wanes.
Agnes hits you with a +0 vampiric lajatang!
Agnes closely misses you. x2
Your Shapeshifting skill increases to level 11!
The spark wasp buzzes angrily.
You hit Agnes.
Your tail-slap misses Agnes.
Agnes is almost dead.
Agnes hits you with a +0 vampiric lajatang!! x2
* * * LOW HITPOINT WARNING * * *
Activating: Slouch (12% risk of failure)
Press: ? - help, Dir - look around, f - activate You can feel time thicken for a moment.
You kill Agnes!
Cheibriados thoroughly appreciates the change of pace.
You can no longer step out of the flow of time.
Cheibriados lowers the support of your attributes as your movement quickens.
A freezing mist starts to gather...
Agnes the Wanderer comes into view.
Your Summonings skill increases to level 2!
You have reached level 15!
Your experience leads to an increase in your attributes!
Your base attributes are Str 11, Int 21, Dex 11.
Increase (s)trength, (i)ntelligence, or (d)exterity?
You feel clever. x2; Your scales feel tougher.
You barely miss Agnes. Agnes hits you.
* * * LOW HITPOINT WARNING * * *
Agnes freezes you!!
You feel yourself slow down.
You die...

#.. #!
#.#.......... ..#s
. #............ .
.sy#.
##...####..... ..
Wy #....## #.....
...#### ##†....#
##....
.......###......#
#..^
.................#
#.#
.......[.........#
##
.......8..........#
.......)Z.........#
.....(○§☼.........#
.......○§........##
.......☼§......###
#.............##
##............#
##..........##


You could see 2 spark wasps, a tarantella (wandering), a redback (wandering),
Tyszek's ghost and Agnes the spriggan simulacrum.

Vanquished Creatures
  Agnes (Spider:1)
  A red draconian (Volcano)
  A fire dragon (Lair:4)
  Fannar (D:10)
  A rakshasa (D:13)
  6 hydras
  2 ogre magi
  A ghost crab (Lair:2)
  A boulder beetle (D:13)
  6 death yaks (Lair:5)
  11 two-headed ogres
  3 orc high priests (Orc:2)
  Urug (D:10)
  A demonic crawler (Spider:1)
  A skyshark (Lair:2)
  A pharaoh ant (Spider:1)
  An orb spider (Spider:1)
  A deep elf pyromancer (D:12)
  4 orc knights (Orc:2)
  A manticore (D:11)
  2 wolf spiders (Spider:1)
  2 cyclopes (Orc:2)
  2 moths of wrath
  4 orc sorcerers (Orc:2)
  16 elephants
  10 kobold blastminers
  7 black mambas
  6 cane toads
  3 molten gargoyles (Lair:5)
  A gargoyle (D:9)
  2 kobold demonologists (D:13)
  Maggie (Lair:1)
  A rime drake (Lair:4)
  14 komodo dragons
  4 trolls
  Prince Ribbit (D:6)
  7 blink frogs
  3 polar bears
  A spectral dream sheep (Lair:2)
  6 slime creatures
  A shadow (D:12)
  Sigmund (D:4)
  A jumping spider (Lair:3)
  A golden eye (shapeshifter) (D:13)
  34 yaks
  4 wyverns
  2 wargs
  15 redbacks
  13 steam dragons
  A spectral komodo dragon (Lair:2)
  4 vampire mosquitoes (D:10)
  5 basilisks (Lair:5)
  10 water moccasins
  2 acid dragons
  2 hell hounds (Lair:5)
  A spectral polar bear (Lair:2)
  2 spectral yaks (Lair:2)
  13 orc warriors
  A sky beast (D:8)
  2 black bears
  A crocodile (D:10)
  11 wolves (Lair:1)
  4 ogres
  8 centaurs
  4 kobold brigands
  10 bullfrogs
  4 scorpions
  9 wights
  5 howler monkeys
  An electric eel (Lair:3)
  A bombardier beetle (D:3)
  2 jellies (D:5)
  2 hounds
  19 orc priests
  2 iguanas
  19 orc wizards
  3 adders (D:4)
  15 gnolls
  A shadow imp (D:3)
  3 ufetubi
  2 dart slugs
  5 ribbon worms
  56 orcs
  2 endoplasms
  4 giant cockroaches
  4 goblins
  4 hobgoblins (D:3)
  A quokka (D:2)
  3 ball pythons
  5 bats
  A frilled lizard (D:3)
  9 kobolds
  4 rats
  2 butterflies (Lair:3)
480 creatures vanquished.

Notes
Turn   | Place    | Note
-------+----------+-------------------------------------------
     0 | D:1      | P0WERM0DE the Draconian Alchemist began the quest for the
                  | Orb.
     0 | D:1      | Reached XP level 1. HP: 14/14 MP: 3/3
   181 | D:2      | Found a snail-covered altar of Cheibriados.
   191 | D:2      | Became a worshipper of Cheibriados the Contemplative
   260 | D:2      | Noticed an orc priest
   315 | D:2      | Reached XP level 2. HP: 20/20 MP: 0/5
   501 | D:3      | Reached XP level 3. HP: 13/26 MP: 1/6
   521 | D:3      | Reached * piety under Cheibriados
   583 | D:3      | Reached XP level 4. HP: 33/33 MP: 3/8
   594 | D:3      | Learned a level 4 spell: Olgreb's Toxic Radiance
   598 | D:3      | Learned a level 3 spell: Mephitic Cloud
   656 | D:4      | Noticed an ogre
   788 | D:4      | Killed an ogre
   789 | D:4      | Reached XP level 5. HP: 18/38 MP: 4/10
   830 | D:4      | Identified the ring "Roro" {^Drain rPois Int+5 Dex+6}
   890 | D:4      | Reached XP level 6. HP: 45/45 MP: 1/11
   906 | D:4      | Noticed Sigmund
   916 | D:4      | Killed Sigmund
   961 | D:4      | Learned a level 1 spell: Apportation
   983 | D:4      | Found a glowing silver altar of Zin.
  1048 | D:5      | Entered Level 5 of the Dungeon
  1072 | D:5      | Reached skill level 5 in Alchemy
  1114 | D:4      | Your scales start taking on a lurid green colour.
  1114 | D:4      | Reached XP level 7. HP: 22/50 MP: 2/13
  1114 | D:4      | Gained mutation: Your system is resistant to poisons.
                  | (rPois) [Green Draconian growth]
  1219 | D:5      | Reached ** piety under Cheibriados
  1223 | D:5      | Reached skill level 1 in Translocations
  1264 | D:5      | Noticed a moth of wrath
  1267 | D:5      | Found a bloodstained altar of Trog.
  1332 | D:5      | Killed a moth of wrath
  1333 | D:5      | Reached skill level 5 in Spellcasting
  1333 | D:5      | Reached XP level 8. HP: 57/57 MP: 3/16
  1624 | D:6      | Reached *** piety under Cheibriados
  1688 | D:7      | Found a runed translucent door.
  1689 | D:7      | Noticed a manticore
  1690 | D:7      | Noticed Tizio's ghost (novice MiFi)
  1697 | D:7      | Reached skill level 1 in Fighting
  1697 | D:7      | Reached skill level 1 in Invocations
  1697 | D:7      | Reached skill level 1 in Evocations
  1724 | D:7      | Identified the +5 ring mail "Xabolij" {+Blink}
  1781 | D:6      | Noticed Prince Ribbit
  1792 | D:6      | Killed Prince Ribbit
  1793 | D:6      | Reached XP level 9. HP: 68/68 MP: 11/19
  2055 | D:8      | Found a flagged portal.
  2068 | Bailey   | Entered a bailey
  2104 | Bailey   | Reached **** piety under Cheibriados
  2267 | D:8      | Gained mutation: You are robust. (+10% HP) [potion of
                  | mutation]
  2393 | D:9      | Identified the +9 flail "Osezaxti" {elec, rF+ rN+ Dex-3}
  2445 | D:9      | Noticed a gargoyle
  2460 | D:9      | Found a shadowy altar of Dithmenos.
  2500 | D:9      | Found Ypnako Kank's Neck Hole.
  2587 | D:10     | Entered Level 10 of the Dungeon
  2668 | D:10     | Reached skill level 1 in Maces & Flails
  2717 | D:10     | Noticed Fannar
  2732 | D:10     | Killed Fannar
  2733 | D:10     | Reached XP level 10. HP: 38/88 MP: 8/21
  2810 | D:10     | Found a shimmering blue altar of Sif Muna.
  2823 | D:10     | Noticed Urug
  2833 | D:10     | Killed Urug
  2834 | D:10     | Reached skill level 5 in Fighting
  2835 | D:10     | Noticed Maurice
  2869 | D:10     | Found a staircase to the Orcish Mines.
  2932 | D:10     | Maurice changed into Maurice the crocodile
  2932 | D:10     | Noticed Maurice
  2935 | D:10     | Killed Maurice the crocodile
  2936 | D:10     | Reached skill level 5 in Invocations
  2971 | D:11     | Noticed a boulder beetle
  2971 | D:11     | Noticed a two-headed ogre
  3023 | D:9      | Found Qiblo's Book Boutique.
  3028 | D:9      | Killed a gargoyle
  3137 | D:10     | Reached skill level 5 in Evocations
  3232 | Orc:1    | Entered Level 1 of the Orcish Mines
  3261 | Orc:1    | Noticed a kobold blastminer
  3263 | Orc:1    | Noticed a kobold blastminer
  3264 | Orc:1    | Noticed an ogre mage
  3265 | Orc:1    | Killed a kobold blastminer
  3266 | Orc:1    | Killed a kobold blastminer
  3271 | Orc:1    | Noticed a two-headed ogre
  3277 | Orc:1    | Noticed a two-headed ogre
  3277 | Orc:1    | Killed an ogre mage
  3277 | Orc:1    | Noticed a two-headed ogre
  3278 | Orc:1    | Reached XP level 11. HP: 60/97 MP: 19/23
  3278 | Orc:1    | Noticed a two-headed ogre
  3280 | Orc:1    | Killed a two-headed ogre
  3280 | Orc:1    | Killed a two-headed ogre
  3281 | Orc:1    | Killed a two-headed ogre
  3284 | Orc:1    | Killed a two-headed ogre
  3285 | Orc:1    | Reached skill level 5 in Dodging
  3285 | Orc:1    | Reached skill level 10 in Alchemy
  3310 | Orc:1    | Found Adukhliu's Jewellery Shop.
  3356 | Orc:1    | Learned a level 3 spell: Dazzling Flash
  3383 | Orc:1    | Reached skill level 1 in Unarmed Combat
  3486 | Orc:2    | Entered Level 2 of the Orcish Mines
  3489 | Orc:2    | Reached skill level 2 in Unarmed Combat
  3495 | Orc:2    | Found a dark tunnel.
  3508 | Orc:2    | Reached skill level 3 in Unarmed Combat
  3591 | Volcano  | Entered a volcano
  3597 | Volcano  | Noticed a two-headed ogre
  3604 | Volcano  | Killed a two-headed ogre
  3605 | Volcano  | Reached skill level 4 in Unarmed Combat
  3618 | Volcano  | Noticed an ogre mage
  3619 | Volcano  | Noticed a two-headed ogre
  3621 | Volcano  | Noticed a two-headed ogre
  3621 | Volcano  | Noticed a two-headed ogre
  3622 | Volcano  | Noticed a two-headed ogre
  3627 | Volcano  | Killed a two-headed ogre
  3630 | Volcano  | Killed a two-headed ogre
  3631 | Volcano  | Reached skill level 5 in Unarmed Combat
  3633 | Volcano  | Killed a two-headed ogre
  3647 | Volcano  | Killed a two-headed ogre
  3648 | Volcano  | Reached XP level 12. HP: 115/115 MP: 7/24
  3655 | Volcano  | Killed an ogre mage
  3656 | Volcano  | Noticed a red draconian
  3656 | Volcano  | Noticed a two-headed ogre
  3657 | Volcano  | Found a radiant altar of Vehumet.
  3671 | Volcano  | Killed a two-headed ogre
  3672 | Volcano  | Reached skill level 6 in Unarmed Combat
  3676 | Volcano  | Killed a red draconian
  3677 | Volcano  | Reached skill level 10 in Fighting
  3764 | Orc:2    | Found Kolidgh's Antique Armour Boutique.
  3796 | Orc:2    | Reached skill level 1 in Shapeshifting
  3815 | Orc:2    | Found Fisurghiq's Weapon Emporium.
  3832 | Orc:2    | Found Ytsoquoh's Antique Weapon Shoppe.
  3838 | Orc:2    | Found a staircase to the Elven Halls.
  3907 | Orc:2    | Reached skill level 7 in Unarmed Combat
  3907 | Orc:2    | Noticed an orc high priest
  3907 | Orc:2    | Noticed an orc high priest
  3908 | Orc:2    | Noticed an orc high priest
  3909 | Orc:2    | Killed an orc high priest
  3909 | Orc:2    | Killed an orc high priest
  3909 | Orc:2    | Killed an orc high priest
  3912 | Orc:2    | Reached skill level 8 in Unarmed Combat
  3969 | Orc:2    | Found Odian's General Store.
  3969 | Orc:2    | Found Otiore's Antique Weapon Shoppe.
  3970 | Orc:2    | Found Necham's Antique Armour Shop.
  3970 | Orc:2    | Found Epaxt's Armour Shop.
  3990 | Orc:2    | Bought a potion of lignification for 39 gold pieces
  3990 | Orc:2    | Bought a potion of lignification for 39 gold pieces
  4037 | Orc:1    | Bought a granite talisman for 900 gold pieces
  4239 | D:12     | Noticed Frances
  4247 | D:11     | Noticed a two-headed ogre
  4256 | D:11     | Killed a two-headed ogre
  4292 | D:11     | Reached ***** piety under Cheibriados
  4371 | D:11     | Reached XP level 13. HP: 98/127 MP: 20/25
  4580 | D:13     | Reached skill level 5 in Shapeshifting
  4665 | D:13     | Reached skill level 9 in Unarmed Combat
  4876 | D:11     | Found a staircase to the Lair.
  4892 | Lair:1   | Entered Level 1 of the Lair of Beasts
  5018 | Lair:1   | Noticed Maggie
  5031 | Lair:1   | Killed Maggie
  5211 | Lair:2   | Reached skill level 10 in Unarmed Combat
  5397 | Lair:3   | Identified the +1 pair of boots "Mym Zall" {Int+3}
  5580 | Lair:2   | Found a staircase to the Swamp.
  5742 | D:9      | Bought an amulet of regeneration for 450 gold pieces
  5861 | Lair:3   | Reached skill level 11 in Unarmed Combat
  5886 | Lair:3   | Gained mutation: Your tail ends in a venomous barb. [Green
                  | Draconian growth]
  5886 | Lair:3   | Reached XP level 14. HP: 110/136 MP: 17/26
  6009 | Lair:3   | Learned a level 2 spell: Lesser Beckoning
  6012 | Lair:3   | Learned a level 2 spell: Sublimation of Blood
  6079 | Lair:5   | Entered Level 5 of the Lair of Beasts
  6281 | Lair:5   | Reached skill level 12 in Unarmed Combat
  6315 | Lair:4   | Found a staircase to the Slime Pits.
  6423 | Lair:5   | Reached skill level 10 in Shapeshifting
  6579 | Lair:5   | HP: 6/138 [poisoned by a black mamba]
  6765 | Lair:4   | Reached skill level 13 in Unarmed Combat
  6813 | Lair:4   | Identified the +2 robe of the Fisher {Rampage Dex-2
                  | Archmagi}
  7022 | Lair:3   | Found a hole to the Spider Nest.
  7033 | Lair:3   | Learned a level 5 spell: Summon Mana Viper
  7038 | Lair:3   | Learned a level 4 spell: Cause Fear
  7053 | Spider:1 | Entered Level 1 of the Spider Nest
  7054 | Spider:1 | Found a transporter.
  7058 | Spider:1 | Noticed Tyszek's ghost (journeyman MiMo)
  7065 | Spider:1 | Found a transporter.
  7088 | Spider:1 | Reached skill level 1 in Summonings
  7102 | Spider:1 | Reached skill level 1 in Hexes
  7133 | Spider:1 | Noticed Agnes
  7140 | Spider:1 | Killed Agnes
  7141 | Spider:1 | Reached XP level 15. HP: 26/145 MP: 15/27
  7141 | Spider:1 | Slain by Agnes the spriggan simulacrum

Illustrated notes

Levels and vault maps discovered:
D:1:      dpeg_arrival_water_temple_mockup, layout_loops_ring,
          serial_bayou_lagoon_b
D:2:      cheibrodos_pilgrimage, layout_loops_ring, basic_altar,
          skrybe_limestone_x, uniq_crazy_yiuf_cottage
D:3:      layout_basic
D:4:      layout_rooms, lemuel_doored_altar, chei_slow_surprise,
          grunt_ministairs_7, uniq_sigmund
D:5:      layout_loops_ring, tgw_trog, minmay_temple_entry_poolview
D:6:      layout_loops_ring, minmay_nine_imps, uniq_grinder, uniq_prince_ribbit1
D:7:      layout_basic, gammafunk_temple_overflow_claw,
          ebering_ghost_inner_flame, kennysheep_generic_room_6
D:8:      layout_rooms, mainiacjoe_overflow_brackets, enter_bailey_7
D:9:      layout_basic, nicolae_dithmenos_the_darkroom, serial_shops,
          nicolae_shop_tiny_real_fake_doors, nicolae_shop_sticking_my_neck_out
D:10:     layout_stronghold, mainiacjoe_overflow_alcove_1, uniq_urug,
          uniq_fannar, uniq_maurice, uniq_erolcha
D:11:     layout_roguey, david_lair_shrubbed
D:12:     layout_rooms, minmay_statue_bubble, uniq_frances
D:13:     layout_cave_pools, nicolae_qazlal_scattered_showers
Lair:1:   layout_chaotic_city, nicolae_lair_grove_arrangements, uniq_maggie
Lair:2:   layout_regular_city, nicolae_swamp_entry_spooky, minivault_27
Lair:3:   layout_regular_city, spider_nest_entry_funnel_web,
          serial_bayou_lagoon_a, grunt_megastairs_1, serial_bayou_shore_a,
          serial_bayou_shore_b, lemuel_fruit_fields, infiniplex_staircase_pool,
          lemuel_fruit_fields
Lair:4:   layout_regular_city, slime_entry_1, bobbens_dragon_lair_wall
Lair:5:   cheibrodos_lair_end_hotspot, layout_loops_ring,
          kennysheep_basilisk_garden
Spider:1: layout_cave_pods, gammafunk_ghost_berserking_beasts,
          nicolae_spider_bug_shape, uniq_agnes
Orc:1:    layout_diamond_mine, serial_shops, nicolae_shop_trees
Orc:2:    st_orc_elflike, layout_caves, serial_shops,
          nicolae_shop_bloodbath_and_beyond, shop, nicolae_shop_stone,
          nicolae_volcano_entry_lava_flow

Skill      XL: |  1  2  3  4  5  6  7  8  9 10 11 12 13 14 |
---------------+-------------------------------------------+-----
Stealth        | 2 |  2.0
Conjurations   | 2 3 4 |  4.0
Spellcasting   | 3 4 5 7 8 |  8.0
Alchemy        | 4 6 7 8 9 10 | 10.0
Translocations | 3 4 |  4.0
Fighting       | 2 4 6 9 11 12 | 12.1
Invocations    | 2 4 6 |  6.7
Evocations     | 2 4 5 6 |  6.1
Dodging        | 2 4 5 |  5.1
Maces & Flails | 2 4 |  4.0
Unarmed Combat | 5 8 11 13 | 13.5
Shapeshifting  | 4 8 11 | 11.0
Summonings     | 2 |  2.0
Hexes          | 1 |  1.8

Action                     |  1- 3 |  4- 6 |  7- 9 | 10-12 | 13-15 || total
---------------------------+-------+-------+-------+-------+-------++-------
  Melee: Unarmed           |    11 |       |       |       |   447 ||   458
         Tailslap          |     5 |     1 |    18 |    15 |    80 ||   119
         Dagger            |    14 |    36 |    63 |       |       ||   113
         Short sword       |     1 |       |       |       |       ||     1
         Punch             |       |       |     2 |     3 |    44 ||    49
         Halberd           |       |       |    35 |       |       ||    35
         Flail             |       |       |    24 |    73 |     1 ||    98
   Cast: Sting             |    35 |     9 |    18 |       |     2 ||    64
         Olgreb's Toxic Ra |       |     9 |    60 |    60 |   129 ||   258
         Mephitic Cloud    |       |     1 |     2 |    17 |     9 ||    29
         Apportation       |       |       |     9 |    22 |    45 ||    76
 Invoke: Slouch            |       |       |     1 |    10 |    12 ||    23
         Temporal Distorti |       |       |       |     1 |     1 ||     2
Ability: Breathe Noxious F |       |       |     3 |     5 |     5 ||    13
  Evoke: Wand              |       |       |       |     8 |     3 ||    11
    Use: Potion            |     1 |     2 |     8 |     3 |    12 ||    26
         Scroll            |       |       |     7 |     8 |     9 ||    24
   Stab: Sleeping          |       |       |    11 |       |     2 ||    13
         Confused          |       |       |     4 |     1 |    10 ||    15
         Invisible         |       |       |       |       |     1 ||     1
         Paralysed         |       |       |       |       |     3 ||     3
 Armour: Skin              |     9 |    25 |    99 |    81 |   425 ||   639
  Dodge: Dodged            |    19 |    21 |   121 |    84 |   331 ||   576
         Repelled          |       |     2 |     3 |       |       ||     5
         Form:             |       |       |       |       |     3 ||     3
         Blade             |       |       |       |       |     2 ||     2
         Statue            |       |       |       |       |     2 ||     2
